 Dungeon Crawl Stone Soup version 0.17-a0-968-gf8e1f1d (webtiles) character file.

6 Gorice the Magician (level 1, -1/12 HPs)
             Began as a Deep Elf Wanderer on May 9, 2015.
             Slain by a jackal (2 damage)
             ... on level 1 of the Dungeon.
             The game lasted 00:02:17 (308 turns).

Gorice the Magician (Deep Elf Wanderer)              Turns: 308, Time: 00:02:18

Health: -1/12      AC:  2    Str:  9    XL:     1   Next: 75%
Magic:  0/6        EV: 12    Int: 16    God:
Gold:   28         SH:  0    Dex: 14    Spells: 1 memorised, 5 levels left

rFire  . . .     SeeInvis .     e - +0 dagger
rCold  . . .     Clarity  .     d - +0 robe
rNeg   . . .     SustAb   .     (no shield)
rPois  .         Gourm    .     (no helmet)
rElec  .         Spirit   .     (no cloak)
rCorr  .         Warding  .     (no gloves)
rMut   .         Stasis   .     (no boots)
MR     .....                    (no amulet)
Stlth  ++........               (no ring)
                                (no ring)

@: not resistant to hostile enchantments, unstealthy
A: no striking features
a: no special abilities


You were on level 1 of the Dungeon.
You were not hungry.

You visited 1 branch of the dungeon, and saw 1 of its levels.

You collected 28 gold pieces.

Inventory:

Hand weapons
 e - a +0 dagger (weapon)
Missiles
 g - 4 tomahawks (quivered)
Armour
 d - a +0 robe (worn)
Scrolls
 i - a scroll of amnesia {unknown}
Books
 a - a Young Poisoner's Handbook
 b - Sif Muna's Tome of the Traveller

   Spells                             Type                      Level
   a - Shroud of Golubria             Charms/Translocation         2
   b - Blink                          Translocation                2
 c - the Volume of Karma

   Spells                             Type                      Level
   a - Apportation                    Translocation                1
   b - Portal Projectile              Translocation                3
Comestibles
 f - a bread ration {!e}
 h - 3 chunks of flesh


   Skills:
 - Level 1.0 Fighting
 + Level 0.8 Short Blades
 - Level 1.2 Dodging
 - Level 2.4 Stealth
 - Level 1.0 Unarmed Combat
 - Level 3.0 Spellcasting
 + Level 1.0 Conjurations
   Level 1.5 Charms
 - Level 2.1 Poison Magic


You had 5 spell levels left.
You knew the following spells:

 Your Spells              Type           Power        Failure   Level  Hunger
a - Sting                 Conj/Pois      #...         12%         1    #......


Dungeon Overview and Level Annotations

Branches:
Dungeon (1/15)

Altars:


Message History

The jackal is heavily wounded.
The jackal barely misses you.
You hit the jackal but do no damage.
The jackal is heavily wounded.
The jackal bites you. The jackal closely misses you.
Damage: 2 (max 2)
Casting: Sting
Confirm with . or Enter, or press ? or * to list all spells.
Aiming: Sting
Press: ? - help, Shift-Dir - straight line, f/p - jackal
Aim: a jackal (heavily wounded)
The sting hits the jackal.
The jackal is almost dead.
The jackal barely misses you.
You miss the jackal.
The jackal is almost dead.
The jackal barely misses you.
You closely miss the jackal.
The jackal is almost dead.
The jackal bites you. The jackal barely misses you.
Damage: 2 (max 2)
You hit the jackal.
You kill the jackal!
You hit the jackal.
You kill the jackal!
Your Conjurations skill increases to level 1!
You closely miss the jackal. The jackal closely misses you.
Casting: Sting
Confirm with . or Enter, or press ? or * to list all spells.
Aiming: Sting
Press: ? - help, Shift-Dir - straight line, f - jackal
Aim: a jackal The sting misses the jackal.
The jackal bites you.
The jackal bites you but does no damage.
Damage: 2 (max 2)
You hit the jackal.
The jackal is severely wounded.
The jackal bites you.
Damage: 2 (max 2)
You hit the jackal but do no damage.
The jackal is severely wounded.
The jackal bites you.
* * * LOW HITPOINT WARNING * * *
The jackal misses you.
Damage: 3 (max 3) Unknown command.
You hit the jackal but do no damage.
The jackal is severely wounded.
The jackal bites you.
You die...

#.# #. #
###########.# #.
#.
............###.
##.#
########.#......
... #........ ...
. ##.###### ##.#
##### .###.#
####...######...#
..##.#
#..........h@...#
#.##.#
..##...######...#
#.##.# ##.# ##.##
#.##.# #.
###...###.##.# #
##............#
#......###.##.#
#.#.#.## #.##.#
...#.#.## #.##.#
... #....###.##.#


You could see a jackal.

Vanquished Creatures
  A giant cockroach (D:1)
  3 jackals (D:1)
  A rat (D:1)
5 creatures vanquished.

Notes
Turn   | Place    | Note
--------------------------------------------------------------
     0 | D:1      | Gorice, the Deep Elf Wanderer, began the quest for the Orb.
     0 | D:1      | Gorice set off with: a Young Poisoner's Handbook, Sif Muna's Tome of the Traveller, the Volume of Karma, a +0 robe, a +0 dagger, a bread ration {!e}
     0 | D:1      | Reached XP level 1. HP: 12/12 MP: 6/6
     0 | D:1      | Identified Sif Muna's Tome of the Traveller
     0 | D:1      | Identified the Volume of Karma
     2 | D:1      | Learned a level 1 spell: Sting
   303 | D:1      | Reached skill level 1 in Conjurations
   307 | D:1      | HP: 1/12 [jackal (3)]
   308 | D:1      | Slain by a jackal

Action                   || total
-------------------------++-------
Melee: Dagger            ||    13
 Cast: Sting             ||     9
 Stab: Sleeping          ||     1

Table legend:
 A = Turns spent in this place as a percentage of turns spent in the entire game.
 B = Non-inter-level travel turns spent in this place as a percentage of non-inter-level travel turns spent in the entire game.
 C = Inter-level travel turns spent in this place as a percentage of turns spent in this place.
 D = Turns resting spent in this place as a percentage of non-inter-level travel turns spent in this place.
 E = Turns spent auto-exploring this place as a percentage of non-inter-level travel turns spent in this place.
 F = Non-inter-level travel turns spent in this place divided by the number of levels of this place that you've seen.
                   A       B       C       D       E      F
               +-------+-------+-------+-------+-------+----------------------
         Total | 100.0 | 100.0 |   1.3 |   0.0 |  10.5 |  76.0
       Dungeon | 100.0 | 100.0 |   1.3 |   0.0 |  10.5 |  76.0
               +-------+-------+-------+-------+-------+----------------------

Vault maps used:
D:1:      matt_arrival_los_fun
